[Event "Titled Tuesday Blitz November 15 Early 2022"]
[White "Fedoseev, Vladimir"]
[Black "Svane, Frederik"]
[WhiteFideId "24130737"]
[BlackFideId "12923044"]
[WhiteElo "2726"]
[BlackElo "2466"]
[Result "1/2-1/2"]
[Round "10"]
[TimeControl "180+1"]
[Date "2022.11.15"]
[WhiteClock "0:00:05"]
[BlackClock "0:00:13"]

1. e4 c5 2. Nf3 d6 3. d4 cxd4 4. Nxd4 Nf6 5. Nc3 a6 6. Be2 e6 7. f4 Be7 8. Be3 Nc6 9. Qd2 Bd7 10. Bf3 Rc8 11. Nxc6 Bxc6 12. Bd4 Qa5 13. O-O O-O 14. Rf2 e5 15. Nd5 Qd8 16. fxe5 dxe5 17. Bxe5 Bxd5 18. exd5 Bc5 19. Bd4 Qb6 20. Rd1 Rfd8 21. c4 Ne8 22. b3 Nd6 23. Re2 Re8 24. Bxc5 Qxc5+ 25. Qd4 b6 26. Rxe8+ Rxe8 27. Qxc5 bxc5 28. Kf2 f5 29. Re1 Rxe1 30. Kxe1 a5 31. Kd2 Kf7 32. Kc3 Ke7 33. a3 Nf7 34. b4 axb4+ 35. axb4 Kd6 36. Be2 Ne5 37. Kb3 f4 38. Ka4 cxb4 39. Kxb4 Nd7 40. Bd3 h6 41. Bf5 Nc5 42. h4 g5 43. h5 Na6+ 44. Kb5 Nc5 45. Ka5 Nb7+ 46. Kb4 Nc5 47. Bg4 Na6+ 48. Kc3 Ke5 49. Bc8 Nc5 50. Kb4 Nd3+ 51. Kb5 Kd6 52. Bf5 Nc5 53. Bg4 Nb3 54. Kb6 Nc5 55. Bf5 Na4+ 56. Kb5 Nc5 1/2-1/2


[Site "https://www.chess.com"]

[Event "Titled Tuesday Blitz November 15 Early 2022"]
[White "Fernandez Garcia, Gumersindo"]
[Black "Kaminski, Victor"]
[WhiteFideId "24516740"]
[BlackFideId "1131630"]
[WhiteElo "2140"]
[BlackElo "2181"]
[Result "1-0"]
[Round "10"]
[TimeControl "180+1"]
[Date "2022.11.16"]
[WhiteClock "0:00:35"]
[BlackClock "0:00:01"]

1. c4 e6 2. Nf3 Nf6 3. g3 d5 4. Bg2 Be7 5. O-O O-O 6. d4 dxc4 7. Qc2 b5 8. Ne5 c6 9. Nxc6 Nxc6 10. Bxc6 Rb8 11. Bf4 Bd6 12. Bxd6 Qxd6 13. Bf3 Qxd4 14. Nc3 a6 15. Rfd1 Qc5 16. Rd2 Bb7 17. Bxb7 Rxb7 18. Rad1 h6 19. a4 Rc7 20. Rd8 Rc8 21. R8d6 b4 22. Ne4 Nxe4 23. Qxe4 a5 24. Rd7 c3 25. bxc3 bxc3 26. Rc1 Qb4 27. Qf3 Qxa4 28. Ra7 Qb4 29. Kg2 a4 30. Qf4 Qxf4 31. gxf4 Rc4 32. e3 Rb8 33. Kf3 c2 34. Ke2 Rb1 35. Kd2 Rxc1 36. Kxc1 g5 37. fxg5 hxg5 38. Ra5 f6 39. Ra7 Rh4 40. Kxc2 Rxh2 41. Rxa4 Rxf2+ 42. Kd3 Kf7 43. Ke4 Rh2 44. Ra7+ Kg6 45. Ra8 Rh4+ 46. Kf3 Rb4 47. Ra7 Kf5 48. Ra5+ e5 49. Ra8 g4+ 50. Kg3 Rb3 51. Kf2 Kg5 52. Rg8+ Kf5 53. Ra8 Rc3 54. Rb8 Rc2+ 55. Kg3 Re2 56. Rb3 Ke4 57. Rb4+ Kxe3 58. Kxg4 Rf2 59. Kg3 Rf3+ 60. Kg2 Rf4 61. Rb3+ Ke4 62. Kg3 Kf5 63. Rb8 Rg4+ 64. Kf3 Rg5 65. Rf8 Rh5 66. Kg3 Rh7 67. Ra8 Rc7 68. Ra4 Rd7 69. Rb4 Rd3+ 70. Kf2 e4 71. Rb6 Ke5 72. Ke2 f5 73. Ra6 Kf4 74. Rh6 Rb3 75. Rh4+ Ke5 76. Rh8 Rb2+ 77. Ke1 f4 78. Re8+ Kd4 79. Ra8 Ke3 80. Ra3+ Kd4 81. Ra4+ Ke5 82. Ra5+ Kf6 83. Rc5 Ra2 84. Rb5 1-0


[Site "https://www.chess.com"]

[Event "Titled Tuesday Blitz November 15 Early 2022"]
[White "Fernandez Guillen, Ernesto J."]
[Black "Demin, Vladimir"]
[WhiteFideId "3512428"]
[BlackFideId "4167457"]
[WhiteElo "2771"]
[BlackElo "2576"]
[Result "1-0"]
[Round "10"]
[TimeControl "180+1"]
[Date "2022.11.16"]
[WhiteClock "0:00:03"]
[BlackClock "0:00:02"]

1. e4 Nf6 2. Nc3 e5 3. f4 d5 4. fxe5 Nxe4 5. Nf3 g5 6. d3 Nxc3 7. bxc3 g4 8. Nd4 c5 9. Nb3 Nc6 10. Bf4 d4 11. Be2 a5 12. O-O a4 13. Nd2 h5 14. Ne4 Be7 15. c4 Be6 16. Rb1 Qd7 17. a3 Bf5 18. Nd6+ Bxd6 19. exd6 O-O 20. Qd2 f6 21. Rb5 b6 22. Rxb6 Rfb8 23. Rb5 Rxb5 24. cxb5 Nd8 25. c4 Nf7 26. Bg3 Kg7 27. Qf4 Kg6 28. h3 Qe6 29. Rf2 Rd8 30. b6 Nxd6 31. Kh2 Nf7 32. b7 Ne5 33. Kg1 Rb8 34. hxg4 hxg4 35. Bxg4 Bxg4 36. Bh4 Bf5 37. g4 Nxg4 38. Qxb8 Qe1+ 39. Kg2 Ne3+ 40. Kh2 Ng4+ 41. Kg3 Qg1+ 42. Kf3 Qd1+ 43. Kg2 Qxd3 44. Qg3 Be4+ 45. Kh3 Qxg3+ 46. Kxg3 Nxf2 47. b8=Q Nd1 48. Kf4 Bf5 49. Qg8+ 1-0


[Site "https://www.chess.com"]

[Event "Titled Tuesday Blitz November 15 Early 2022"]
[White "Fernandez Siles, Luis"]
[Black "Omariev, Maksim"]
[WhiteFideId "2209420"]
[BlackFideId "4193423"]
[WhiteElo "2186"]
[BlackElo "2505"]
[Result "0-1"]
[Round "10"]
[TimeControl "180+1"]
[Date "2022.11.16"]
[WhiteClock "0:00:01"]
[BlackClock "0:00:05"]

1. d4 h5 2. e4 h4 3. h3 c6 4. c4 d5 5. exd5 cxd5 6. Nc3 Nf6 7. Nf3 Be6 8. Bg5 dxc4 9. Bxh4 Nd5 10. Bg3 Nc6 11. Rc1 Nxc3 12. bxc3 Qd5 13. Rb1 O-O-O 14. Be2 g5 15. Ne5 Bf5 16. Rb2 Nxe5 17. Bxe5 f6 18. Bg3 e5 19. Qa4 a6 20. O-O exd4 21. Bf3 Be4 22. Bxe4 Qxe4 23. cxd4 Qc6 24. Qxc6+ bxc6 25. Rc1 Rxd4 0-1


[Site "https://www.chess.com"]

[Event "Titled Tuesday Blitz November 15 Early 2022"]
[White "Galchenko, Matvey"]
[Black "Mendonca, Mateus Nakajo"]
[WhiteFideId "24175480"]
[BlackFideId "2110954"]
[WhiteElo "2847"]
[BlackElo "2622"]
[Result "1-0"]
[Round "10"]
[TimeControl "180+1"]
[Date "2022.11.16"]
[WhiteClock "0:01:10"]
[BlackClock "0:00:22"]

1. Nf3 d5 2. c4 e6 3. e3 Nf6 4. Nc3 c6 5. b3 Nbd7 6. Bb2 Bd6 7. Qc2 O-O 8. Be2 Re8 9. Rg1 e5 10. g4 e4 11. Nd4 Bxh2 12. Rh1 Be5 13. g5 c5 14. gxf6 cxd4 15. exd4 Bxd4 16. fxg7 Ne5 17. O-O-O dxc4 18. Nxe4 Bxb2+ 19. Kxb2 Nd3+ 20. Bxd3 cxd3 21. Qc4 b5 22. Qc6 Qd4+ 23. Qc3 Qxe4 24. Rde1 b4 25. Qc4 Qxe1 26. Rxe1 Rxe1 27. Qc6 Rb8 28. Qd6 1-0


[Site "https://www.chess.com"]

[Event "Titled Tuesday Blitz November 15 Early 2022"]
[White "Garv Gaur"]
[Black "Pg, Mohd Omar Ak Hira"]
[WhiteFideId "45030839"]
[BlackFideId "10500103"]
[WhiteElo "1960"]
[BlackElo "2184"]
[Result "1/2-1/2"]
[Round "10"]
[TimeControl "180+1"]
[Date "2022.11.16"]
[WhiteClock "0:01:25"]
[BlackClock "0:00:37"]

1. d4 Nf6 2. Nf3 d5 3. c4 g6 4. g3 dxc4 5. Bg2 c5 6. O-O cxd4 7. Nxd4 Bg7 8. Na3 O-O 9. Nxc4 Nd5 10. Nb5 e6 11. e4 Nb6 12. Qxd8 Rxd8 13. Bg5 f6 14. Nxb6 axb6 15. Be3 Bd7 16. Bxb6 Bxb5 17. Bxd8 Bxf1 18. Bxf1 Nc6 19. Bb6 Kf7 20. Bc4 Ne5 21. Bb3 Bf8 22. Rd1 Ra6 23. Bc7 Rc6 24. Bxe5 fxe5 25. Rd7+ Kf6 26. Rxb7 h5 27. h4 Bc5 28. Kg2 Bd4 29. Rb4 Bxb2 30. Bxe6 Rc2 31. Bb3 Rd2 32. Rb6+ Kg7 33. Rb7+ Kh6 34. Bg8 g5 35. Rb6+ Kg7 36. Bd5 Rxf2+ 37. Kxf2 Bd4+ 38. Ke2 Bxb6 39. a4 gxh4 40. gxh4 Ba5 41. Be6 Kf6 42. Bd7 Bd8 43. Be8 Ke6 44. Bxh5 Bxh4 45. Kd3 Kd6 46. Kc4 Kc7 47. Kb5 Kb7 48. a5 Ka7 49. Be2 Bg3 50. Kc6 Bh2 51. Kd6 Bg3 52. Kc7 Bf4 53. Bb5 Bg3 54. Kd6 Bf4 55. Kc5 Bg3 56. a6 Bf4 57. Bd3 Bg3 58. Kb5 Bf4 59. Ka5 Bg3 60. Bb5 Bf4 61. Bc6 Bg3 62. Bb7 Bf4 63. Kb4 Bg3 64. Kc3 Bf4 65. Kd3 Bg3 66. Ke2 Bf4 67. Kf3 Bc1 68. Kg4 Bb2 69. Kf5 Ba1 70. Ke6 Bb2 71. Kd5 Ba1 72. Kc4 Bb2 73. Kb3 Bd4 74. Kc4 Ba1 75. Bc8 Bd4 76. Kd5 Ba1 77. Ke6 Bd4 78. Kd7 Ba1 79. Ke8 Bd4 80. Ke7 Ba1 81. Kf6 Bd4 82. Kf5 Ba1 83. Kg4 Bb2 84. Kf3 Ba1 85. Ke2 Bb2 86. Kd3 Ba1 87. Kc2 Bd4 88. Kb1 Bc3 89. Kc2 Bd4 90. Kb3 Ba1 91. Ka2 Bd4 92. Kb3 Bg1 93. Kc2 Bh2 94. Kd3 Bf4 95. Ke2 Bc1 96. Kf3 Bb2 97. Ke2 Ba1 98. Kd2 Bd4 99. Kc1 Be3+ 100. Kb2 Bf4 101. Kc3 Bh2 102. Kd2 Bf4+ 103. Ke1 Bc1 104. Kf2 Bb2 105. Ke3 Ba1 106. Ke2 1/2-1/2


[Site "https://www.chess.com"]

[Event "Titled Tuesday Blitz November 15 Early 2022"]
[White "Georg, Heinz"]
[Black "Sanchez Enriquez, Oscar Gerardo"]
[WhiteFideId "4607295"]
[BlackFideId "5106311"]
[WhiteElo "2349"]
[BlackElo "2375"]
[Result "0-1"]
[Round "10"]
[TimeControl "180+1"]
[Date "2022.11.16"]
[WhiteClock "0:00:47"]
[BlackClock "0:00:47"]

1. e4 d6 2. d4 Nf6 3. Nc3 g6 4. f4 Bg7 5. Nf3 O-O 6. Bc4 Nxe4 7. Bxf7+ Kxf7 8. Nxe4 Kg8 9. d5 c6 10. c4 Nd7 11. O-O Nf6 12. Nc3 Bd7 13. Kh1 Qa5 14. a3 cxd5 15. b4 Qa6 16. cxd5 Ne4 17. Nxe4 Bxa1 18. Re1 Rac8 19. Neg5 Bf6 20. Ne4 Qa4 21. Qd3 Bf5 22. Nxf6+ exf6 23. Qd4 Rfe8 24. Rg1 Qc2 25. Qxf6 Qxc1 26. Rxc1 Rxc1+ 27. Ng1 Ree1 28. Qd8+ Kf7 29. h3 Rxg1+ 30. Kh2 Rge1 31. Qxd6 Re7 32. g4 Be4 33. Kg3 Rd1 34. Qb8 Rxd5 35. Qxa7 Rd3+ 36. Kh4 Bg2 37. Kg5 Rxh3 38. f5 h6+ 39. Kf4 g5# 0-1


[Site "https://www.chess.com"]

[Event "Titled Tuesday Blitz November 15 Early 2022"]
[White "Gerbelli Neto, Eduardo"]
[Black "Martin, Lewis"]
[WhiteFideId "2103281"]
[BlackFideId "410551"]
[WhiteElo "2178"]
[BlackElo "2145"]
[Result "1-0"]
[Round "10"]
[TimeControl "180+1"]
[Date "2022.11.16"]
[WhiteClock "0:02:32"]
[BlackClock "0:02:24"]

1. e4 c5 2. Nc3 Nc6 3. f4 e6 4. Nf3 Nf6 5. e5 Nd5 6. Bb5 Nc7 7. Bxc6 bxc6 8. Ne4 Be7 9. c4 O-O 10. O-O d5 11. exd6 Bxd6 12. Nxd6 Qxd6 13. d4 cxd4 14. Qxd4 Rd8 15. Qxd6 Rxd6 16. Be3 Ba6 17. b3 Rd3 18. Kf2 Rad8 19. Ne5 Bb7 20. Nxd3 Rxd3 21. Rfd1 1-0


[Site "https://www.chess.com"]

[Event "Titled Tuesday Blitz November 15 Early 2022"]
[White "Gheorghiu, Calin"]
[Black "Barria Zuniga, Daniel"]
[WhiteFideId "1200305"]
[BlackFideId "3400816"]
[WhiteElo "2491"]
[BlackElo "2617"]
[Result "1/2-1/2"]
[Round "10"]
[TimeControl "180+1"]
[Date "2022.11.16"]
[WhiteClock "0:00:03"]
[BlackClock "0:00:41"]

1. d4 g6 2. e4 Bg7 3. Nc3 c5 4. d5 d6 5. Bb5+ Bd7 6. a4 Bxb5 7. axb5 Nd7 8. Nf3 Ngf6 9. h3 O-O 10. O-O Nb6 11. Qe2 Ne8 12. Bg5 h6 13. Bf4 Nc7 14. Rfd1 Qd7 15. Ra5 a6 16. bxa6 Rxa6 17. Rxa6 bxa6 18. e5 f6 19. exd6 exd6 20. Ne4 Re8 21. Qd3 c4 22. Nxf6+ Bxf6 23. Qxg6+ Qg7 24. Qh5 Qf7 25. Qxh6 Nbxd5 26. Bxd6 Qh7 27. Qxh7+ Kxh7 28. Bxc7 Nxc7 29. Rd7+ Re7 30. Rxe7+ Bxe7 31. Ne5 c3 32. bxc3 Bf6 33. Nc4 Bxc3 34. Kf1 a5 35. Ke2 a4 36. Kd3 Nb5 37. f4 Bb2 38. g4 a3 39. Nxa3 Nxa3 40. c4 Kg6 41. h4 Bc1 42. f5+ Kf7 43. g5 Bf4 44. Ke4 Bd2 45. c5 Nb5 46. Kd5 Nc7+ 47. Kc6 Na6 48. Kb5 Nxc5 49. Kxc5 Be1 50. h5 Bh4 51. g6+ Kg7 52. Kd5 Bg5 53. Ke6 Bh4 54. h6+ Kxh6 55. f6 Kxg6 56. f7 Kg7 57. f8=Q+ Kxf8 1/2-1/2


[Site "https://www.chess.com"]

[Event "Titled Tuesday Blitz November 15 Early 2022"]
[White "Goltseva, Ekaterina"]
[Black "Dudzinski, Pawel"]
[WhiteFideId "24173770"]
[BlackFideId "1117890"]
[WhiteElo "2200"]
[BlackElo "2086"]
[Result "1-0"]
[Round "10"]
[TimeControl "180+1"]
[Date "2022.11.16"]
[WhiteClock "0:00:05"]
[BlackClock "0:00:04"]

1. Nf3 g6 2. d4 Bg7 3. e4 c6 4. c3 d5 5. e5 f6 6. Bf4 Nh6 7. Bd3 Nf7 8. Qe2 O-O 9. Nbd2 fxe5 10. Nxe5 Nd7 11. Nxf7 Rxf7 12. Bg5 Qf8 13. f3 e5 14. dxe5 Nxe5 15. O-O Nxd3 16. Qxd3 Bf5 17. Qe3 h6 18. Bh4 g5 19. Bg3 b6 20. Rfe1 Rd8 21. Be5 Re7 22. Bxg7 Rxe3 23. Bxf8 Rxe1+ 24. Rxe1 Kxf8 25. Nb3 Kf7 26. Nd4 Bd7 27. Kf2 c5 28. Nc2 Bf5 29. Ne3 Be6 30. Rd1 d4 31. cxd4 Rxd4 32. Rxd4 cxd4 33. Nc2 d3 34. Nb4 a5 35. Nxd3 Bxa2 36. Ke3 Ke6 37. g3 Kd5 38. f4 Bb1 39. Nc1 gxf4+ 40. gxf4 b5 41. h4 b4 42. Ne2 a4 43. Kf3 Bd3 44. Nc1 Bc4 45. Kg4 Ke4 46. f5 Ke5 47. Kh5 Kxf5 48. Kxh6 Kf4 49. h5 Ke3 50. Kg7 1-0


[Site "https://www.chess.com"]

[Event "Titled Tuesday Blitz November 15 Early 2022"]
[White "Golubev, Mikhail"]
[Black "Begunov, Konstantin"]
[WhiteFideId "14100983"]
[BlackFideId "4118510"]
[WhiteElo "2374"]
[BlackElo "2140"]
[Result "0-1"]
[Round "10"]
[TimeControl "180+1"]
[Date "2022.11.16"]
[WhiteClock "0:00:03"]
[BlackClock "0:00:23"]

1. e4 c5 2. Nf3 d6 3. d4 cxd4 4. Nxd4 Nf6 5. Nc3 a6 6. Bc4 e6 7. Bb3 Be7 8. f4 Qc7 9. f5 e5 10. Nde2 b5 11. Nd5 Nxd5 12. Qxd5 O-O 13. Qxa8 Nc6 14. Nc3 Bb7 15. Nd5 Qd7 16. Qxf8+ Bxf8 17. Be3 Na5 18. O-O-O Nxb3+ 19. cxb3 Bxd5 20. Rxd5 g6 21. g4 Qd8 22. h4 gxf5 23. gxf5 Kh8 24. Bg5 Be7 25. Bxe7 Qxe7 26. Kb1 Kg7 27. a3 Kh6 28. h5 Kg5 29. Rdd1 Kh6 30. Ka2 a5 31. a4 bxa4 32. bxa4 f6 33. Rd5 Qb7 34. b3 Qb4 35. Rhd1 Kg5 36. Rxd6 Qxe4 37. Rg1+ Kxf5 38. Rf1+ Kg5 39. Rdxf6 Qc2+ 40. Ka3 e4 41. R6f5+ Kg4 42. R5f4+ Kg3 43. Rf7 h6 44. Rg7+ Kh2 45. Rfg1 Qc5+ 46. Kb2 Qxg1 47. Rxg1 Kxg1 48. Kc3 e3 49. Kd3 Kf2 50. b4 axb4 51. a5 e2 52. a6 e1=Q 53. a7 Qe8 54. a8=Q Qxa8 0-1


[Site "https://www.chess.com"]

[Event "Titled Tuesday Blitz November 15 Early 2022"]
[White "Goroshkov, Maksym"]
[Black "Forgacs, Attila Jr."]
[WhiteFideId "14142716"]
[BlackFideId "773654"]
[WhiteElo "2257"]
[BlackElo "2168"]
[Result "1-0"]
[Round "10"]
[TimeControl "180+1"]
[Date "2022.11.16"]
[WhiteClock "0:00:21"]
[BlackClock "0:00:20"]

1. e4 e5 2. d4 exd4 3. c3 d5 4. exd5 Qxd5 5. cxd4 Nc6 6. Nf3 Nf6 7. Nc3 Bb4 8. Be2 Bg4 9. O-O Qd7 10. d5 Ne7 11. Ne5 Bxe2 12. Qxe2 Qf5 13. Qb5+ c6 14. dxc6 bxc6 15. Qxb4 Qxe5 16. Bf4 Qf5 17. Rfe1 c5 18. Qb5+ Kf8 19. Bd6 Re8 20. Rxe7 Rxe7 21. Bxe7+ Kxe7 22. Re1+ Kd8 23. Qa5+ Kc8 24. Qxa7 Qf4 25. Qa6+ Kb8 26. Qb6+ Kc8 27. Nb5 Rd8 28. Na7+ Kd7 29. Qc6# 1-0


[Site "https://www.chess.com"]

[Event "Titled Tuesday Blitz November 15 Early 2022"]
[White "Grandelius, Nils"]
[Black "Fernandez De La Vara, Arnaldo"]
[WhiteFideId "1710400"]
[BlackFideId "3518388"]
[WhiteElo "2617"]
[BlackElo "2387"]
[Result "1-0"]
[Round "10"]
[TimeControl "180+1"]
[Date "2022.11.15"]
[WhiteClock "0:00:47"]
[BlackClock "0:01:12"]

1. c4 c5 2. Nf3 Nc6 3. e3 Nf6 4. Nc3 g6 5. d4 cxd4 6. exd4 d5 7. cxd5 Nxd5 8. Qb3 Nxc3 9. Bc4 Nd5 10. Bxd5 e6 11. Bxc6+ bxc6 12. O-O Qd5 13. Qc3 Bd6 14. Bg5 O-O 15. Rac1 Bb7 16. Qe3 f6 17. Bf4 Be7 18. b3 Rac8 19. Rfe1 Rf7 20. Qxe6 Rd8 21. Qxd5 Rxd5 22. Be3 Bb4 23. Red1 Rfd7 24. Bd2 Bxd2 25. Rxd2 c5 26. Rcd1 cxd4 27. Rxd4 Rxd4 28. Nxd4 a5 29. f3 a4 30. bxa4 Bc6 31. a5 Ba4 32. Rd3 Rd5 33. Kf2 Kf7 34. a6 Rd7 35. a7 Rxa7 36. Ra3 Ke7 37. Nc6+ 1-0


[Site "https://www.chess.com"]

[Event "Titled Tuesday Blitz November 15 Early 2022"]
[White "Gurvich, Vitaly"]
[Black "Palencia Morales, Wilson Guillermo"]
[WhiteFideId "24164852"]
[BlackFideId "4401859"]
[WhiteElo "2342"]
[BlackElo "2160"]
[Result "1-0"]
[Round "10"]
[TimeControl "180+1"]
[Date "2022.11.16"]
[WhiteClock "0:00:11"]
[BlackClock "0:01:23"]

1. e4 c5 2. d4 cxd4 3. c3 dxc3 4. Nxc3 e6 5. Nf3 a6 6. Bc4 b5 7. Bb3 Bb7 8. O-O d6 9. Nd4 Be7 10. Bxe6 fxe6 11. Nxe6 Qc8 12. Nxg7+ Kf7 13. Nf5 Nf6 14. Qb3+ Qc4 15. Qd1 b4 16. Nd5 Qxe4 17. Nh6+ Kg7 18. Re1 Qxd5 19. Rxe7+ Kg6 20. Qc2+ Kh5 21. Rxb7 Re8 22. Be3 Rxe3 23. fxe3 Kxh6 24. Re7 Nbd7 25. Qf2 Rg8 26. Rf1 Rg6 27. g3 Ne5 28. Qf4+ Kh5 29. Qh4# 1-0


[Site "https://www.chess.com"]

[Event "Titled Tuesday Blitz November 15 Early 2022"]
[White "Hadzovic, Amir"]
[Black "Andreikin, Dmitry"]
[WhiteFideId "14402300"]
[BlackFideId "4158814"]
[WhiteElo "2501"]
[BlackElo "3013"]
[Result "0-1"]
[Round "10"]
[TimeControl "180+1"]
[Date "2022.11.16"]
[WhiteClock "0:00:02"]
[BlackClock "0:00:30"]

1. e4 e5 2. Nc3 Nf6 3. f4 d5 4. fxe5 Nxe4 5. Qf3 Nc6 6. Bb5 Nxc3 7. bxc3 Be6 8. d4 Qd7 9. Ne2 O-O-O 10. O-O Kb8 11. Rb1 Ka8 12. Bg5 Be7 13. Bxe7 Qxe7 14. Bxc6 bxc6 15. c4 Rb8 16. c5 Rxb1 17. Rxb1 Rb8 18. Rb3 Qg5 19. Nf4 Bf5 20. g3 Bxc2 21. Rxb8+ Kxb8 22. Qc3 Be4 23. Qb3+ Kc8 24. Qd1 Qf5 25. Qa4 Kd7 26. h4 Qg4 27. Qb3 h6 28. h5 a5 29. Kf2 a4 30. Qc3 Qd1 31. a3 Qb3 32. Qe3 Qa2+ 33. Ke1 Qb1+ 34. Kf2 Qh1 35. Qc3 Qh2+ 36. Ke1 Qg1+ 37. Kd2 Qf2+ 38. Kc1 g5 39. hxg6 fxg6 40. e6+ Ke7 41. Qd2 Qf1+ 42. Kb2 Qb1+ 43. Kc3 Qb3# 0-1


[Site "https://www.chess.com"]

[Event "Titled Tuesday Blitz November 15 Early 2022"]
[White "Hajiyev, Kanan"]
[Black "Yeremyan, Alen"]
[WhiteFideId "13404148"]
[BlackFideId "13308998"]
[WhiteElo "2118"]
[BlackElo "2159"]
[Result "1/2-1/2"]
[Round "10"]
[TimeControl "180+1"]
[Date "2022.11.16"]
[WhiteClock "0:00:06"]
[BlackClock "0:00:05"]

1. d4 Nf6 2. Nf3 g6 3. g3 Bg7 4. Bg2 O-O 5. O-O d5 6. c4 dxc4 7. Na3 a5 8. Nxc4 a4 9. Re1 Be6 10. Qc2 c6 11. e4 Na6 12. a3 h6 13. h3 Nc7 14. Bf4 Nb5 15. Rad1 Bxc4 16. Qxc4 Nd7 17. h4 e6 18. Qc1 Kh7 19. Bf1 Qb6 20. Qc4 Rfd8 21. Rd2 Nf6 22. Be5 Ng4 23. Bxg7 Kxg7 24. Red1 Rd7 25. h5 g5 26. e5 Rd5 27. Bh3 f5 28. exf6+ Nxf6 29. Bxe6 Rd6 30. Bf5 Rad8 31. Bb1 Nxh5 32. Qxa4 g4 33. Nh4 Kg8 34. d5 Nf6 35. Nf5 R6d7 36. Nxh6+ Kf8 37. Nxg4 Rf7 38. Nxf6 Rxf6 39. dxc6 Rxd2 40. Rxd2 Qxc6 41. Qb4+ Kg7 42. Be4 Qc1+ 43. Kg2 Rf7 44. Qxb5 Qxd2 45. Qe5+ Kf8 46. Qh8+ Ke7 47. Qe5+ Kf8 48. Qh8+ Ke7 49. Qe5+ Kd7 50. Bf5+ Kd8 51. Qb8+ Ke7 52. Qxb7+ Kf6 53. Qe4 Kg7 54. Qe5+ Kf8 55. g4 Qg5 56. a4 Re7 57. Qh8+ Kf7 58. Qd4 Kf8 59. Qd8+ Kg7 60. Qd4+ Kf8 61. Qd1 Rf7 62. Qf3 Kg7 63. Qg3 Qf6 64. Qe3 Re7 65. Qc3 Qxc3 66. bxc3 Rc7 67. a5 Rxc3 68. a6 Ra3 69. Bc8 Kf6 70. f3 Kg5 71. Kg3 Rb3 72. Bb7 Ra3 73. Kf2 Kf4 74. Ke2 Ra2+ 75. Kd3 Ra4 76. Kc3 Ke5 77. Kb3 Ra1 78. Kb4 Kd6 79. Kb5 Rb1+ 80. Kc4 Ra1 81. Kd4 Ra4+ 82. Ke3 Ke5 83. f4+ Kf6 84. a7 Rxa7 85. g5+ Kg7 86. Be4 Ra3+ 87. Kd4 Ra4+ 88. Ke5 Ra5+ 89. Bd5 Ra1 90. f5 Re1+ 91. Be4 Rg1 92. f6+ Kf7 93. Kf5 Rf1+ 94. Kg4 Re1 95. Kf4 Rf1+ 96. Ke5 Re1 97. Kf4 Rf1+ 98. Bf3 Kg6 99. Kg4 Rg1+ 100. Kf4 Rf1 101. Ke3 Re1+ 102. Be2 Ra1 103. Bd3+ Kxg5 104. f7 Ra8 105. Bc4 Rf8 106. Kd4 Kf6 107. Kc5 Ke7 108. Kd4 Rc8 109. Bd5 Rd8 110. Ke5 Rh8 111. Kf5 Rh5+ 112. Ke4 Rh4+ 113. Ke5 Rh5+ 114. Ke4 Rg5 115. Bc4 Rc5 116. Kd4 Ra5 117. Bd5 Ra4+ 118. Ke5 Ra1 119. Kd4 Rd1+ 120. Ke5 Re1+ 121. Kd4 Rf1 122. Ke5 Re1+ 123. Kd4 Rf1 124. Ke5 Rf6 125. Kd4 Kd6 126. Bc4 Rf4+ 127. Kc3 Ke5 128. Kb4 Kd6 129. Kc3 Kc5 130. Be6 Rf3+ 131. Kd2 Kd6 132. Bc4 Ke5 133. Ke2 Rf6 134. Ke3 Kd6 135. Kd4 Rf4+ 136. Ke3 Ke5 137. Kd3 Rd4+ 138. Ke3 Rf4 139. Kd3 Rf6 140. Kc3 Kd6 141. Kd3 Kc5 142. Bb3 Rf3+ 143. Ke4 Rf1 144. Ke5 Re1+ 145. Kf6 Rf1+ 146. Ke7 Rxf7+ 147. Bxf7 1/2-1/2


[Site "https://www.chess.com"]

[Event "Titled Tuesday Blitz November 15 Early 2022"]
[White "Hambleton, Aman"]
[Black "Taboas Rodriguez, Daniel"]
[WhiteFideId "2606577"]
[BlackFideId "2208466"]
[WhiteElo "2760"]
[BlackElo "2576"]
[Result "1-0"]
[Round "10"]
[TimeControl "180+1"]
[Date "2022.11.16"]
[WhiteClock "0:00:04"]
[BlackClock "0:00:28"]

1. d4 Nf6 2. c4 g6 3. Nc3 Bg7 4. e4 d6 5. Bd3 O-O 6. Nge2 Nc6 7. O-O e5 8. d5 Nd4 9. Nxd4 exd4 10. Nb5 Re8 11. Re1 Ng4 12. Be2 Qh4 13. Bxg4 Bxg4 14. Qd3 Re7 15. Bd2 Rae8 16. Nxd4 Be5 17. h3 Bd7 18. Nf3 Qh5 19. Nxe5 Rxe5 20. Bc3 Rg5 21. Kh2 Qh4 22. Bd2 Rh5 23. f3 Bxh3 24. Kg1 Ree5 25. Re2 Bd7 26. Be1 Qh1+ 27. Kf2 Rh2 28. Ke3 Rxg2 29. Rxg2 Qxg2 30. Bc3 Rh5 31. Qd4 Re5 32. Re1 Qg3 33. Rf1 Bh3 34. Rf2 Qg5+ 35. Ke2 Qc1 36. f4 Qc2+ 37. Ke3 Qc1+ 38. Bd2 Qg1 39. fxe5 Qg3+ 40. Rf3 Bg4 41. Rxg3 1-0


[Site "https://www.chess.com"]

[Event "Titled Tuesday Blitz November 15 Early 2022"]
[White "Harshavardhan G B"]
[Black "Gabdrakhmanov, Azat"]
[WhiteFideId "25059009"]
[BlackFideId "34189197"]
[WhiteElo "2797"]
[BlackElo "2581"]
[Result "0-1"]
[Round "10"]
[TimeControl "180+1"]
[Date "2022.11.16"]
[WhiteClock "0:00:51"]
[BlackClock "0:00:22"]

1. d4 Nf6 2. c4 g6 3. Nc3 Bg7 4. e4 O-O 5. Nf3 d6 6. Be2 e5 7. d5 Na6 8. Nd2 Nc5 9. g4 a5 10. h4 c6 11. g5 Ne8 12. Nb3 Nxb3 13. Qxb3 f5 14. gxf6 Qxf6 15. Be3 Qf7 16. O-O-O Nf6 17. Rdg1 cxd5 18. cxd5 Bd7 19. h5 a4 20. Qa3 Rfc8 21. Kb1 Rxc3 22. Qxc3 Nxe4 23. Qb4 Bf5 24. hxg6 hxg6 25. Ka1 a3 26. f3 axb2+ 27. Qxb2 Nc5 28. Bc4 Na4 29. Qd2 Qf6 30. Bg5 Qf7 31. Bh6 e4+ 32. Kb1 e3+ 33. Qd3 Bxd3+ 34. Bxd3 Qf6 35. Bxg7 Kxg7 36. Rxg6+ Qxg6 37. Bxg6 Kxg6 38. Re1 Nc3+ 39. Kc2 Nxd5 40. Kd3 Kf5 41. Rb1 Rxa2 42. Rxb7 e2 43. Rb1 Nf4+ 44. Ke3 Ng2+ 45. Kf2 e1=Q# 0-1


[Site "https://www.chess.com"]

[Event "Titled Tuesday Blitz November 15 Early 2022"]
[White "Hartikainen, Jarmo"]
[Black "Levitan, Caleb Levi"]
[WhiteFideId "503134"]
[BlackFideId "14332620"]
[WhiteElo "2198"]
[BlackElo "1963"]
[Result "0-1"]
[Round "10"]
[TimeControl "180+1"]
[Date "2022.11.16"]
[WhiteClock "0:00:13"]
[BlackClock "0:00:10"]

1. e4 c5 2. c3 Nf6 3. e5 Nd5 4. d4 cxd4 5. Nf3 Nc6 6. cxd4 d6 7. Nc3 Nxc3 8. bxc3 dxe5 9. d5 Nb8 10. Nxe5 Nd7 11. Bb5 a6 12. Qf3 Qc7 13. Bxd7+ Bxd7 14. Nxd7 Qxd7 15. O-O g6 16. Ba3 Qa4 17. c4 Bg7 18. Rac1 O-O 19. Bxe7 Rfc8 20. d6 Qd7 21. c5 Rc6 22. Rfe1 Rac8 23. Bf6 Rxc5 24. Rxc5 Rxc5 25. Bxg7 Kxg7 26. h3 Qxd6 27. Qxb7 Rc2 28. Qf3 Rxa2 29. Qc3+ Qf6 30. Qb3 Qxf2+ 0-1


[Site "https://www.chess.com"]

[Event "Titled Tuesday Blitz November 15 Early 2022"]
[White "Hoffmann, Asa"]
[Black "Ghosh, Chanchal Kumer"]
[WhiteFideId "2001470"]
[BlackFideId "10201858"]
[WhiteElo "2117"]
[BlackElo "2058"]
[Result "1-0"]
[Round "10"]
[TimeControl "180+1"]
[Date "2022.11.16"]
[WhiteClock "0:00:46"]
[BlackClock "0:00:01"]

1. d4 d5 2. Bg5 c5 3. dxc5 h6 4. Bh4 Nc6 5. c3 g5 6. Bg3 Bg7 7. e3 Nf6 8. Nf3 Ne4 9. Bd3 Bg4 10. Qc2 Bxf3 11. gxf3 Nxc5 12. Nd2 Nxd3+ 13. Qxd3 O-O 14. h4 e5 15. hxg5 Qxg5 16. f4 exf4 17. Bxf4 Qf6 18. O-O-O Rfd8 19. Rdg1 Ne5 20. Bxe5 Qxe5 21. Rxh6 Kf8 22. Rh7 Bf6 23. Nf3 Qe4 24. Qxe4 dxe4 25. Nd4 Bxd4 26. exd4 Rac8 27. Kd2 Rc6 28. Rh8+ Ke7 29. Rxd8 Kxd8 30. Ke3 Rf6 31. Rg4 Rf3+ 32. Ke2 f5 33. Rg7 Kc8 34. d5 Rd3 35. c4 a6 36. Rf7 b5 37. b3 bxc4 38. bxc4 Rd4 39. Rxf5 Rxc4 40. Ke3 Kd7 41. Rf6 Ra4 42. Re6 Ra3+ 43. Kxe4 Rxa2 44. f4 Ra4+ 45. Ke5 Ra1 46. Rh6 Re1+ 47. Kf5 a5 48. Ra6 Rd1 49. Rxa5 Kd6 50. Kf6 Rf1 51. f5 Rf2 52. Kg6 Rg2+ 53. Kf7 Rf2 54. f6 Rf1 55. Kg7 Rg1+ 56. Kf8 Rf1 57. f7 Kd7 58. Ra6 Rf2 59. Rg6 Ra2 60. d6 Ra8+ 61. Kg7 1-0


[Site "https://www.chess.com"]